 Dungeon Crawl Stone Soup version 0.17.1-3-g152610e (webtiles) character file.

3386 Kenran the Cleaver (level 9, -2/83 HPs)
             Began as a Minotaur Fighter on Apr 22, 2016.
             Was a Follower of Cheibriados.
             Slain by a hill giant
             ... wielding a +0 giant club
              (36 damage)
             ... on level 9 of the Dungeon.
             The game lasted 00:18:28 (7329 turns).

Kenran the Cleaver (Minotaur Fighter)               Turns: 7329, Time: 00:18:30

Health: -2/83      AC: 11    Str: 25    XL:     9   Next: 74%
Magic:  5/8        EV:  6    Int:  7    God:    Cheibriados [*.....]
Gold:   433        SH: 10    Dex: 13    Spells: 0 memorised, 8 levels left

rFire  . . .     SeeInvis .     a - +1 war axe
rCold  + . .     Clarity  .     b - +1 chain mail {rC+}
rNeg   . . .     SustAt   .     c - +0 shield
rPois  .         Gourm    .     (helmet restricted)
rElec  .         Spirit   .     h - +0 cloak
rCorr  .         Warding  .     (no gloves)
rMut   .         Stasis   .     (no boots)
MR     .....                    (no amulet)
Stlth  ..........               (no ring)
                                (no ring)

@: lethally poisoned (-2 -> -3), very slow, not resistant to hostile
enchantments, extremely unstealthy
A: retaliatory headbutt, horns 2
a: Bend Time, Renounce Religion


You were on level 9 of the Dungeon.
You worshipped Cheibriados.
Cheibriados was aware of your devotion.
You were not hungry.

You visited 2 branches of the dungeon, and saw 10 of its levels.

You collected 433 gold pieces.

Inventory:

Hand Weapons
 a - a +1 war axe (weapon)
Armour
 b - a +1 chain mail of cold resistance (worn)
 c - a +0 shield (worn)
 h - a +0 cloak (worn)
Jewellery
 g - a +3 ring of strength {unknown}
 r - a +4 ring of dexterity {unknown}
 v - a cursed ring of loudness {unknown}
 M - an uncursed ring of see invisible {unknown}
Wands
 w - a wand of enslavement (8)
 y - a wand of enslavement (12)
 z - a wand of confusion (17)
 B - a wand of digging (12)
 G - a wand of disintegration (11)
 H - a wand of paralysis (9)
 K - a wand of digging (15)
Scrolls
 j - a scroll of immolation {unknown}
 k - a scroll of enchant armour
 l - 4 scrolls of remove curse
 o - 7 scrolls of identify
 p - 2 scrolls of enchant weapon
 q - a scroll of blinking
 D - 2 scrolls of recharging {unknown}
 E - 2 scrolls of noise {unknown}
 L - a scroll of fear {unknown}
Potions
 d - 3 potions of might
 m - a potion of cancellation {unknown}
 n - a potion of magic {unknown}
 s - 2 potions of brilliance {unknown}
 t - 4 potions of poison
 u - 4 potions of curing {unknown}
 x - a potion of degeneration {unknown}
 A - a potion of berserk rage {unknown}
 F - a potion of ambrosia {unknown}
 I - 2 potions of haste {unknown}
 J - a potion of heal wounds {unknown}
Comestibles
 e - 3 bread rations
 f - 5 meat rations
 i - 2 beef jerkies
 C - 2 royal jellies
 N - 15 fruits
 O - a chunk of flesh


   Skills:
 - Level 9.2 Fighting
 + Level 13.8 Axes
 - Level 3.6 Armour
 - Level 3.6 Shields


You had 8 spell levels left.
You didn't know any spells.

Dungeon Overview and Level Annotations

Branches:
Dungeon (9/15)             Temple (1/1) D:6
   Lair: D:8-11         Orc: D:9-12

Altars:
Ashenzari
Cheibriados
Dithmenos
Elyvilon
Fedhas
Gozag
Kikubaaqudgha
Makhleb
Nemelex Xobeh
Okawaru
Qazlal
Ru
Sif Muna
Trog
Vehumet
Xom
Yredelemnul
Zin
The Shining One

Shops:
D:8 }   D:9 }

Portals:
Sewer: D:6

Annotations:
D:3 Robin
D:9 nebel's ghost, novice SpEn


Innate Abilities, Weirdness & Mutations

You reflexively headbutt those who attack you in melee.
You have a pair of horns on your head.


Message History

You closely miss the hippogriff.
The hippogriff bites you but does no damage.
You block the hippogriff's attack. x2
You slash the hippogriff! You headbutt the hippogriff!
The hippogriff is severely wounded.
You feel sick. You block the hippogriff's attack.
You block the hippogriff's attack. x2
You hit the hippogriff. You headbutt the hippogriff.
The hippogriff is almost dead.
The hippogriff bites you. The hippogriff pecks you. The hippogriff claws you.
You slash the hippogriff!
You kill the hippogriff!
Cheibriados thoroughly appreciates the change of pace.
You slash the hill giant!
You headbutt the hill giant, but do no damage.
The hill giant is lightly wounded.
You are no longer glowing.
You feel sick.
The hill giant hits you with a giant club!!!
You die...

## ..# ##.# '
#... 8. ###
##..# ... #..
...# 8$.. #.
#.# #.###
..... #. #.#
#.C.#8..... #.
#.#
#@#.'.....$
#.##.#
#.###8...(.
#.##.#####.#
.....
##..........##
8l..
#............#
.C.
#.#.###.####.#
8. #.#.# #.#
.# C #.#.###.#
.# ###.......#
.#


You could see a hill giant.

Vanquished Creatures
  Joseph (D:7)
  The ghost of Peloso the Shield-Bearer, a novice MiFi of Okawaru (D:5)
  A wyvern (D:8)
  3 hippogriffs
  An ice beast (D:7)
  3 sky beasts
  A black bear (D:8)
  A centaur (D:6)
  6 ogres
  2 giant frogs
  3 scorpions
  A crimson imp (D:3)
  A giant frog zombie (D:5)
  An orc priest (D:4)
  An orc wizard (D:8)
  4 hounds
  A gnoll shaman (D:4)
  2 jellies
  Natasha (thrice) (D:3)
  4 iguanas
  3 worker ants
  2 hound skeletons (D:4)
  6 gnolls (D:4)
  12 adders
  A shadow imp (D:6)
  An adder skeleton (D:4)
  3 worms
  4 giant geckos
  21 orcs
  8 giant cockroaches
  12 goblins
  9 hobgoblins
  4 jackals (D:4)
  6 kobolds
  A quokka (D:2)
  8 bats
  6 giant newts
  A jackal skeleton (D:8)
  A quokka zombie (D:7)
  11 rats
161 creatures vanquished.

Notes
Turn   | Place    | Note
--------------------------------------------------------------
     0 | D:1      | Kenran the Minotaur Fighter began the quest for the Orb.
     0 | D:1      | Reached XP level 1. HP: 19/19 MP: 0/0
   139 | D:1      | Reached XP level 2. HP: 5/26 MP: 1/1
   855 | D:2      | Reached skill level 4 in Axes
   855 | D:2      | Reached XP level 3. HP: 25/31 MP: 2/2
  1568 | D:3      | Reached skill level 5 in Axes
  1597 | D:3      | Reached XP level 4. HP: 31/39 MP: 3/3
  1682 | D:3      | Noticed Natasha
  1691 | D:3      | Killed Natasha
  1691 | D:3      | Reached skill level 6 in Axes
  1729 | D:3      | Noticed Robin
  1745 | D:4      | Reached XP level 5. HP: 13/45 MP: 4/4
  2031 | D:4      | Found a sparkling altar of Nemelex Xobeh.
  2119 | D:4      | Reached skill level 7 in Axes
  2166 | D:3      | Reached XP level 6. HP: 5/51 MP: 5/5
  2196 | D:3      | Noticed Natasha
  2205 | D:3      | Killed Natasha
  2294 | D:3      | Noticed Natasha
  2300 | D:3      | Killed Natasha
  2781 | D:3      | Noticed an ogre
  2815 | D:4      | Killed an ogre
  2815 | D:4      | Reached skill level 8 in Axes
  3471 | D:4      | Reached skill level 9 in Axes
  3505 | D:4      | Reached XP level 7. HP: 57/57 MP: 6/6
  3671 | D:5      | Entered Level 5 of the Dungeon
  3708 | D:5      | Noticed Peloso's ghost (novice MiFi)
  3734 | D:5      | Killed Peloso's ghost
  3734 | D:5      | Reached skill level 10 in Axes
  3992 | D:5      | Reached skill level 11 in Axes
  4155 | D:5      | Reached XP level 8. HP: 36/67 MP: 7/7
  4304 | D:5      | Reached skill level 5 in Fighting
  4896 | D:5      | Found a shadowy altar of Dithmenos.
  5228 | D:6      | Found a burning altar of Makhleb.
  5478 | D:6      | Found a glowing drain.
  5562 | D:6      | Found a staircase to the Ecumenical Temple.
  5577 | Temple   | Entered the Ecumenical Temple
  5595 | Temple   | Became a worshipper of Cheibriados the Contemplative
  5755 | D:7      | Noticed Joseph
  5770 | D:7      | Killed Joseph
  5770 | D:7      | Reached XP level 9. HP: 43/83 MP: 8/8
  6006 | D:7      | Found a basalt altar of Yredelemnul.
  6009 | D:7      | Found an iron altar of Okawaru.
  6013 | D:7      | Found a stormy altar of Qazlal.
  6013 | D:7      | Found a shattered altar of Ashenzari.
  6497 | D:8      | Reached skill level 12 in Axes
  6590 | D:8      | Found an opulent altar of Gozag.
  6615 | D:8      | Found a blossoming altar of Fedhas.
  6632 | D:8      | Got a pair of ancient boots
  6638 | D:8      | Identified the cursed +0 pair of boots of Card Tricks {rC++ Int-5} (You found it on level 8 of the Dungeon)
  6651 | D:8      | Reached * piety under Cheibriados
  6695 | D:8      | Found Ceceimof's Gadget Emporium.
  6921 | D:8      | Reached skill level 13 in Axes
  7245 | D:9      | Found Loca's Gadget Emporium.
  7299 | D:9      | Noticed nebel's ghost (novice SpEn)
  7302 | D:9      | Noticed a hill giant
  7329 | D:9      | Slain by a hill giant

Action                   |  1- 3 |  4- 6 |  7- 9 || total
-------------------------+-------+-------+-------++-------
Melee: War axe           |    88 |   156 |   226 ||   470
Invok: Bend Time         |       |       |     1 ||     1
  Use: Scroll            |       |     5 |     2 ||     7
       Potion            |       |     2 |       ||     2
  Eat: Chunk             |     2 |     6 |     5 ||    13
       Fruit             |       |       |     4 ||     4
       Royal jelly       |       |       |     1 ||     1
       Pizza             |       |       |     1 ||     1
